 Dungeon Crawl Stone Soup version 0.28-a0-1374-ga75cb3825e (webtiles) character file.

Game seed: 2985116928680676653

16482 Adrian566 the Carver (level 12, -17/97 HPs)
             Began as a Demonspawn Fighter on Dec 31, 2021.
             Was an Initiate of Gozag.
             Demolished by Rupert (32 damage)
             ... on level 12 of the Dungeon.
             The game lasted 00:20:18 (15519 turns).

Adrian566 the Carver (Demonspawn Fighter)          Turns: 15519, Time: 00:20:18

Health: -17/97     AC: 21    Str: 30    XL:     12   Next: 10%
Magic:  12/12      EV:  9    Int: 13    God:    Gozag
Gold:   3818       SH:  6    Dex: 23    Spells: 11/11 levels left

rFire   + . .      SeeInvis +   t - +7 Throatcutter {drain, coup de grace}
rCold   x . .      Faith    .   c - +0 buckler
rNeg    . . .      Spirit   .   s - +1 plate armour "Gaomut" {rC- rCorr Int+3 Dex+3}
rPois   .          Reflect  .   (helmet restricted)
rElec   +          Harm     .   d - +0 cloak
rCorr   +          Rampage  .   (no gloves)
Will    .....                   h - +0 pair of boots
Stlth   ..........              (no amulet)
HPRegen 0.26/turn               l - +6 ring of dexterity
MPRegen 0.13/turn               i - ring "Efupteb" {rElec Will- Str+8 SInv Stlth+}

@: spiked, studying 2 skills
A: antennae 2, yellow scales 2, foul stench 1, powered by death 1, fire
resistance 1, strong 1
a: Renounce Religion, Potion Petition, Call Merchant, Bribe Branch


You were on level 12 of the Dungeon.
You worshipped Gozag.
Gozag was most pleased with you.
You visited 3 branches of the dungeon, and saw 14 of its levels.
You also visited: Sewer.

You collected 3971 gold pieces.
You spent 96 gold pieces at shops.
You paid 57 gold pieces to Gozag.

Inventory:

Hand Weapons
 a - a +0 long sword of flaming
 f - a +7 scythe of freezing
 t - the +7 Throatcutter (weapon) {drain, coup de grace}
   (You found it on level 6 of the Dungeon)

   A truly terrible weapon, it drains the life of any living foe it strikes.
   It may instantly kill foes which have little health.
Missiles
 k - 3 silver boomerangs
 H - 2 throwing nets (quivered)
Armour
 b - a +0 scale mail
 c - a +0 buckler (worn)
 d - a +0 cloak (worn)
 h - a +0 pair of boots (worn)
 s - the +1 plate armour "Gaomut" (worn) {rC- rCorr Int+3 Dex+3}
   (You found it on level 4 of the Dungeon)

   Int:       It affects your intelligence (+3).
   Dex:       It affects your dexterity (+3).
   rC:        It makes you vulnerable to cold.
   rCorr:     It protects you from acid and corrosion.
Jewellery
 i - the ring "Efupteb" (right hand) {rElec Will- Str+8 SInv Stlth+}
   (You acquired it on level 3 of the Dungeon)

   [ring of see invisible]

   Str:       It affects your strength (+8).
   rElec:     It insulates you from electricity.
   SInv:      It lets you see invisible.
   Will:      It decreases your willpower.
   Stlth:     It makes you more stealthy.
 l - a +6 ring of dexterity (left hand)
 z - a ring of fire
 A - a ring of flight
 J - a +6 ring of intelligence
Wands
 e - a wand of polymorph (9)
 g - a wand of acid (9)
 j - a wand of paralysis (10)
 y - a wand of iceblast (4)
Scrolls
 q - 5 scrolls of teleportation
 r - 2 scrolls of amnesia
 B - 3 scrolls of noise
 F - a scroll of magic mapping
 G - a scroll of fog
 L - a scroll of torment
Potions
 m - 5 potions of brilliance
 n - 2 potions of flight
 o - 2 potions of might
 p - 6 potions of curing
 v - 2 potions of cancellation
 w - 2 potions of degeneration
 C - a potion of resistance {unknown}
 M - 2 potions of ambrosia
Miscellaneous
 x - a phantom mirror (inert)


   Skills:
 + Level 10.1 Fighting
 * Level 12.6 Long Blades
 - Level 5.8 Polearms
 + Level 9.3 Armour
 + Level 2.2 Dodging
 + Level 1.9 Stealth
 + Level 4.6 Shields


You had 11 spell levels left.
You didn't know any spells.
Your spell library contained the following spells:

 Spells                   Type           Power      Damage    Failure   Level
 Animate Skeleton         Necr           0%         N/A       93%         1
 Apportation              Tloc           0%         N/A       93%         1
 Sandblast                Erth           0%         2d4       93%         1
 Summon Small Mammal      Summ           0%         N/A       93%         1
 Passwall                 Tmut/Erth      0%         N/A       98%         2
 Sublimation of Blood     Necr           0%         N/A       98%         2
 Wereblood                Tmut           0%         N/A       98%         2
 Frozen Ramparts          Ice            0%         1d2       100%        3
 Stone Arrow              Conj/Erth      0%         3d7       100%        3
 Ice Form                 Ice/Tmut       0%         N/A       100%        4
 Summon Ice Beast         Ice/Summ       0%         N/A       100%        4
 Summon Hydra             Summ           0%         N/A       100%        7


Dungeon Overview and Level Annotations

Branches:
Dungeon (12/15)            Temple (1/1) D:4            Lair (1/6) D:9
  Sewer (visited)
    Orc: D:9-12

Altars:
Ashenzari
Cheibriados
Dithmenos
Elyvilon
Fedhas
Gozag
Hepliaklqana
Kikubaaqudgha
Makhleb
Nemelex Xobeh
Okawaru
Qazlal
Ru
Sif Muna
Trog
Uskayaw
Vehumet
Wu Jian
Xom
Yredelemnul
Zin
The Shining One

Shops:
D:1 :   D:3 !   D:10 =

Annotations:
D:9 2 transporters, r3xj's ghost, novice DsGl
D:12 Rupert


Innate Abilities, Weirdness & Mutations

You have a pair of antennae on your head.
You are mostly covered in yellow scales. (AC +3)
You may rarely emit foul miasma when damaged in melee.
You regenerate a little health from kills.
Your flesh is heat resistant. (rF+)
Your muscles are strong. (Str +2)


Message History

Rupert hits you with a +3 vorpal great sword!
You bump into the rock wall.
The manticore flicks its tail.
The volley of spikes hits you.
The barbed spikes become lodged in your body.
Rupert completely misses you.
The barbs in your skin will harm you if you move.
Continue? [Y]es or [N]o only, please.
The barbs in your skin will harm you if you move.
Continue? [Y]es or [N]o only, please.
The barbs in your skin will harm you if you move.
Continue? [Y]es or [N]o only, please.
The barbs in your skin will harm you if you move.
Continue?
Okay, then.
You're too confused to attack without stumbling around!
You're too confused to attack without stumbling around!
You're too confused to attack without stumbling around!
The barbs in your skin will harm you if you move.
Continue?
The barbed spikes dig painfully into your body as you move.
Rupert roars madly and goes into a rage!
Rupert goes berserk!
You are too confused!
The barbed spikes dig painfully into your body as you move.
The manticore flicks its tail.
The volley of spikes hits you.
The barbed spikes become lodged in your body.
The barbed spikes dig painfully into your body as you move.
You are too confused!
You bump into the rock wall.
Rupert hits you with a +3 vorpal great sword!!
* * * LOW HITPOINT WARNING * * *
x2 Rupert hits you but does no damage.
You are too confused!
You bump into the rock wall.
Rupert closely misses you.
You slash Rupert! You drain Rupert.
Rupert is severely wounded.
You feel less confused.
Rupert hits you with a +3 vorpal great sword!!
You die...
Your body crumbles into a pile of gold.

...#.....#........#{....#
...#.....+........#........#
...#.....######...#.........#
............ #...#..........
..#.#.#.#... #...#.(........
........#... #.H.#..$.......
..#.#.#.# .. #<..#..........
........# +.@.# ..#.#.#...
#.@.# ........... #####
#+##.....##


You could see Rupert (berserk, drained) and a manticore.

Vanquished Creatures
  Snorg (D:10)
  2 two-headed ogres
  Pikel (D:6)
  A deep elf zephyrmancer (D:6)
  A deep elf pyromancer (D:12)
  2 cyclopes
  Maurice (D:10)
  An unseen horror (D:6)
  A yaktaur (D:12)
  A queen bee (D:10)
  5 trolls
  Grinder (D:6)
  Sigmund (D:3)
  A vampire (D:11)
  23 yaks
  A wyvern (D:8)
  9 vampire mosquitoes
  Duvessa (D:6)
  3 water moccasins
  3 ice beasts
  4 orc warriors
  4 black bears
  A sky beast (D:7)
  2 ogres
  4 centaurs
  A phantom (D:4)
  A lemure (D:6)
  A kobold brigand (D:8)
  2 bullfrogs (D:9)
  2 gnoll sergeants
  6 scorpions
  A water moccasin skeleton (D:5)
  22 killer bees
  Dowan (D:6)
  6 wights
  2 howler monkeys
  4 electric eels (D:11)
  2 bullfrog zombies
  A centaur zombie (D:8)
  5 hounds
  3 jellies
  2 iguanas
  3 orc priests
  Crazy Yiuf (D:3)
  Ijyb (D:3)
  Jessica (D:3)
  2 orc wizards
  Terence (D:2)
  A killer bee zombie (D:5)
  A hound skeleton (D:4)
  A howler monkey zombie (D:9)
  10 adders
  7 gnolls
  A shadow imp (D:8)
  2 white imps
  An ufetubus (D:5)
  An adder skeleton (D:4)
  4 worms
  2 dart slugs (D:2)
  16 orcs
  12 ball pythons
  6 bats
  5 endoplasms
  7 giant cockroaches
  3 goblins
  9 hobgoblins
  7 jackals
  4 quokkas
  5 frilled lizards (D:1)
  12 kobolds
  10 rats
  2 bushes (D:8)
275 creatures vanquished.

Vanquished Creatures (collateral kills)
  A vampire mosquito (D:12)
1 creature vanquished.

Vanquished Creatures (others)
  A bat (D:3)
  6 fungi (D:9)
  A plant (D:9)
8 creatures vanquished.

Grand Total: 284 creatures vanquished

Notes
Turn   | Place    | Note
-------+----------+-------------------------------------------
     0 | D:1      | Adrian566 the Demonspawn Fighter began the quest for the
                  | Orb.
     0 | D:1      | Reached XP level 1. HP: 18/18 MP: 1/1
   281 | D:1      | Gained mutation: You are partially covered in yellow
                  | scales. (AC +2) [demonic ancestry]
   281 | D:1      | Reached XP level 2. HP: 24/24 MP: 2/2
   293 | D:1      | Reached skill level 2 in Long Blades
   872 | D:1      | Found Inile's Book Shop.
   911 | D:1      | Reached XP level 3. HP: 25/29 MP: 3/3
  1394 | D:2      | Noticed Terence
  1406 | D:2      | Killed Terence
  1407 | D:2      | Reached XP level 4. HP: 21/35 MP: 4/4
  2157 | D:3      | Noticed Sigmund
  2199 | D:3      | Identified a scroll of acquirement
  2199 | D:3      | Acquired the ring "Efupteb" {rElec Will- Str+8 SInv Stlth+}
  2359 | D:3      | Noticed Ijyb
  2365 | D:3      | Paralysed by Ijyb for 6 turns
  2388 | D:3      | Killed Sigmund
  2389 | D:3      | Reached skill level 3 in Long Blades
  2389 | D:3      | Reached skill level 1 in Dodging
  2389 | D:3      | Gained mutation: You have a pair of small antennae on your
                  | head. [demonic ancestry]
  2389 | D:3      | Reached XP level 5. HP: 22/41 MP: 5/5
  2389 | D:3      | Reached XP level 6. HP: 25/47 MP: 6/6
  2432 | D:3      | Killed Ijyb
  3061 | D:3      | Found Xinariest's Distillery.
  3595 | D:3      | Bought a potion of mutation for 96 gold pieces
  3595 | D:3      | Gained mutation: Your muscles are strong. (Str +2) [potion
                  | of mutation]
  3595 | D:3      | Gained mutation: Your flesh is heat resistant. (rF+)
                  | [potion of mutation]
  3601 | D:3      | Reached skill level 1 in Polearms
  3628 | D:3      | Noticed Jessica
  3641 | D:3      | Killed Jessica
  4047 | D:3      | Found a runed translucent door.
  4048 | D:3      | Noticed Crazy Yiuf
  4056 | D:3      | Killed Crazy Yiuf
  4269 | D:4      | Found a staircase to the Ecumenical Temple.
  4300 | Temple   | Entered the Ecumenical Temple
  4584 | D:4      | Gained mutation: You are mostly covered in yellow scales.
                  | (AC +3) [demonic ancestry]
  4584 | D:4      | Reached XP level 7. HP: 37/53 MP: 7/7
  4997 | D:4      | Identified the +1 plate armour "Gaomut" {rC- rCorr Int+3
                  | Dex+3}
  5298 | D:4      | Acquired a manual of Fighting
  5332 | Temple   | Became a worshipper of Gozag Ym Sagoz the Greedy
  5405 | D:5      | Entered Level 5 of the Dungeon
  5941 | D:5      | Gained mutation: You may rarely emit foul miasma when
                  | damaged in melee. [demonic ancestry]
  5941 | D:5      | Reached XP level 8. HP: 45/61 MP: 8/8
  6097 | D:5      | Reached skill level 5 in Polearms
  6123 | D:5      | Reached skill level 5 in Armour
  6904 | D:6      | Found the +7 Throatcutter {drain, coup de grace}
  7101 | D:6      | Noticed Grinder
  7102 | D:6      | Found a glowing drain.
  7116 | Sewer    | Entered a sewer
  7226 | Sewer    | Reached skill level 5 in Fighting
  7280 | D:6      | Paralysed by Grinder for 7 turns
  7290 | D:6      | Killed Grinder
  7291 | D:6      | Reached skill level 4 in Long Blades
  7397 | D:6      | Noticed Pikel
  7398 | D:6      | Noticed Duvessa
  7398 | D:6      | Noticed Dowan
  7407 | D:6      | Killed Pikel
  7408 | D:6      | Reached skill level 5 in Long Blades
  7408 | D:6      | Reached skill level 1 in Stealth
  7408 | D:6      | Reached XP level 9. HP: 68/69 MP: 9/9
  7412 | D:6      | Killed Duvessa
  7428 | D:6      | Killed Dowan
  7669 | D:6      | Found a broken altar of Ashenzari.
  7676 | D:6      | Noticed an unseen horror
  7683 | D:6      | Killed an unseen horror
  7716 | D:6      | Reached skill level 6 in Long Blades
  7871 | D:6      | Noticed a two-headed ogre
  7878 | D:6      | Killed a two-headed ogre
  7879 | D:6      | Reached skill level 7 in Long Blades
  8115 | D:6      | Noticed a deep elf zephyrmancer
  8117 | D:6      | Killed a deep elf zephyrmancer
  8238 | D:7      | Gained mutation: You have a pair of antennae on your head.
                  | [demonic ancestry]
  8238 | D:7      | Reached XP level 10. HP: 71/79 MP: 10/10
  8309 | D:7      | Reached skill level 8 in Long Blades
  8357 | D:7      | Acquired 827 gold pieces
  9444 | D:8      | Found a shimmering altar of Xom.
  9610 | D:8      | Found an ancient bone altar of Kikubaaqudgha.
  9761 | D:8      | Noticed a cyclops
  9775 | D:8      | Killed a cyclops
  9776 | D:8      | Reached skill level 9 in Long Blades
 10382 | D:9      | Noticed a two-headed ogre
 10390 | D:9      | Killed a two-headed ogre
 11071 | D:9      | Reached skill level 10 in Long Blades
 11120 | D:9      | Gained mutation: You regenerate a little health from kills.
                  | [demonic ancestry]
 11120 | D:9      | Reached XP level 11. HP: 83/87 MP: 11/11
 11222 | D:9      | Noticed a two-headed ogre
 11226 | D:9      | Found a transporter.
 11229 | D:9      | Noticed a deep troll
 11230 | D:9      | Noticed a two-headed ogre
 11231 | D:9      | Noticed a two-headed ogre
 11252 | D:9      | Found a transporter.
 11603 | D:9      | Found a staircase to the Lair.
 11771 | D:9      | Noticed r3xj's ghost (novice DsGl)
 11777 | D:9      | Found a bloodstained altar of Trog.
 11821 | Lair:1   | Entered Level 1 of the Lair of Beasts
 11821 | Lair:1   | Noticed a seven-headed hydra
 11830 | D:9      | HP: 3/87 [seven-headed hydra (4)]
 11878 | D:10     | Entered Level 10 of the Dungeon
 12523 | D:10     | Reached skill level 11 in Long Blades
 12562 | D:10     | Found Sirimipa's Jewellery Emporium.
 12740 | D:10     | Noticed Snorg
 12785 | D:10     | Killed Snorg
 13112 | D:10     | Noticed Maurice
 13118 | D:10     | Killed Maurice
 13327 | D:10     | Reached skill level 12 in Long Blades
 14517 | D:11     | Reached XP level 12. HP: 86/97 MP: 12/12
 14936 | D:11     | Acquired 890 gold pieces
 15022 | D:12     | Reached skill level 10 in Fighting
 15178 | D:12     | Noticed Rupert
 15519 | D:12     | Demolished by Rupert

Illustrated notes

Levels and vault maps discovered:
D:1:      psy_arrival_radial02, layout_basic, serial_shops, shop,
          minmay_circled_x
D:2:      minmay_spotlight, layout_loops_cross, uniq_terence
D:3:      layout_basic, serial_shops, nicolae_shop_advertising_works
          [nicolae_subvault_shop_adworks], st_stairs_1, uniq_sigmund,
          uniq_jessica, uniq_ijyb, uniq_crazy_yiuf_cottage
D:4:      layout_loops_ring, minmay_temple_entry_glassed_door
D:5:      layout_loops_corners
D:6:      layout_basic, ashenzari_altar_1, cheibrodos_sewer_entry_bend,
          guppyfry_early_elven_hall, uniq_pikel, uniq_grinder, uniq_duvessa
D:7:      minmay_skewed_foursquare, layout_basic, serial_curves, eino_curves_04,
          eino_curves_02, eino_curves_04
D:8:      layout_loops_ring, mainiacjoe_overflow_catch_the_wave,
          minmay_manual_monolith
D:9:      layout_basic, grunt_lair_entry_orc_guard_hut,
          gammafunk_ghost_wrathful_warriors
D:10:     layout_loops_ring, serial_shops, shop, kennysheep_nub, minivault_7,
          uniq_maurice, uniq_snorg
D:11:     layout_basic, kennysheep_generic_room_11
D:12:     layout_gridville, hiddenorc1_lemuel, serial_glass, glass_columns_a,
          glass_columns_b, hangedman_abyss_or_decor_lesser_grid, uniq_rupert
Temple:   mainiacjoe_temple_bowtie_tessellation
Lair:1:   layout_chaotic_city, infiniplex_staircase_pool_2, grunt_megastairs_1

Skill      XL: |  1  2  3  4  5  6  7  8  9 10 11 12 |
---------------+-------------------------------------+-----
Armour         | 3 4 6 7 8 9 |  9.3
Long Blades    | 2 3 5 7 10 12 | 12.6
Shields        | 3 4 |  4.6
Dodging        | 1 2 |  2.2
Polearms       | 2 4 5 |  5.8
Fighting       | 4 6 7 8 9 10 | 10.1
Stealth        | 1 |  1.9

Action                   |  1- 3 |  4- 6 |  7- 9 | 10-12 || total
-------------------------+-------+-------+-------+-------++-------
Melee: Long sword        |   126 |    54 |    68 |   424 ||   672
       Scythe            |       |   101 |    96 |       ||   197
Evoke: Phantom mirror    |       |       |       |     1 ||     1
  Use: Scroll            |     2 |     6 |    10 |    11 ||    29
       Potion            |     1 |     6 |       |     7 ||    14
 Stab: Sleeping          |       |     1 |       |       ||     1
       Distracted        |       |       |       |     3 ||     3
Armor: Scale mail        |    79 |   143 |    19 |       ||   241
       Plate armour      |       |       |    96 |   250 ||   346
Dodge: Dodged            |    76 |   123 |    80 |   163 ||   442
Block: Buckler           |    32 |    24 |     8 |   107 ||   171

Table legend: (Time is in decaauts)
 A = Elapsed time spent in this place.
 B = Non-inter-level travel time spent in this place.
 C = Inter-level travel time spent in this place.
 D = Time resting spent in this place.
 E = Time spent auto-exploring this place.
 F = Levels seen in this place.
 G = Mean time per level.
                   A        B        C        D        E       F      G
               +--------+--------+--------+--------+--------+-----+--------+
         Total |  15684 |  15024 |    660 |    507 |  12028 |  15 | 1045.6 |
       Dungeon |  15236 |  14632 |    604 |    507 |  11698 |  12 | 1269.7 |
        Temple |    263 |    207 |     56 |      0 |    191 |   1 |  263.0 |
          Lair |      9 |      9 |      0 |      0 |      0 |   1 |    9.0 |
         Sewer |    174 |    174 |      0 |      0 |    138 |   1 |  174.0 |
               +--------+--------+--------+--------+--------+-----+--------+

Top non-repeatable levels by time:
     D:3: 1852 daAuts
     D:9: 1781 daAuts
    D:10: 1591 daAuts
     D:5: 1514 daAuts
    D:11: 1375 daAuts
     D:2: 1291 daAuts
     D:1: 1205 daAuts
     D:7: 1191 daAuts
     D:6: 1170 daAuts
     D:8: 1063 daAuts
     D:4: 956 daAuts
  Temple: 263 daAuts
    D:12: 242 daAuts
   Sewer: 174 daAuts
  Lair:1: 9 daAuts
